 Dungeon Crawl Stone Soup version 0.29.1-2-gbd0b4ee654 (webtiles) character file.

Game seed: 12398698922557513736

37 Icepheonix32 the Insei (level 3, -4/28 HPs)
             Began as a Demigod Transmuter on Nov 7, 2022.
             Slain by a worm (7 damage)
             ... on level 2 of the Dungeon.
             The game lasted 00:01:21 (1266 turns).

Icepheonix32 the Insei (Demigod Transmuter)         Turns: 1266, Time: 00:01:21

Health: -4/28      AC:  3    Str: 11    XL:     3   Next: 7%
Magic:  7/9        EV: 12    Int: 15    God:
Gold:   81         SH:  0    Dex: 18    Spells: 5/6 levels left

rFire   . . .      SeeInvis .     - Unarmed
rCold   . . .      Faith    .   (no shield)
rNeg    . . .      Spirit   .   a - +0 robe
rPois   .          Reflect  .   (helmet currently unavailable)
rElec   .          Harm     .   i - +0 cloak
rCorr   .          Rampage  .   (no gloves)
Will    .....                   (boots currently unavailable)
Stlth   ++........              (no amulet)
HPRegen 0.09/turn               (no ring)
MPRegen 0.11/turn               (no ring)

@: lethally poisoned (-4 -> -6), appendages (expiring), hasted, very quick
A: horns 2, talons 2, high MP 1, forlorn, divine attributes
a: End Transformation


You were on level 2 of the Dungeon.
You had temporarily grown beastly horns and talons.
You visited 1 branch of the dungeon, and saw 2 of its levels.

You collected 81 gold pieces.

Inventory:

Armour
 a - a +0 robe (worn)
 i - a +0 cloak (worn)
 k - a +0 pair of boots (melded)
Scrolls
 c - a scroll of silence {unknown}
 f - a scroll of brand weapon {unknown}
 g - a scroll of poison {unknown}
 h - a scroll of immolation {unknown}
 j - a scroll of fear {unknown}
Potions
 b - a potion of lignification
 e - a potion of curing {unknown}


   Skills:
 - Level 1.0 Fighting
 - Level 2.0 Dodging
 - Level 0.3 Stealth
 - Level 3.1 Unarmed Combat
 + Level 2.2 Spellcasting
 * Level 2.2 Transmutations


You had 5 spell levels left.
You knew the following spells:

 Your Spells              Type           Power      Damage    Failure   Level
a - Beastly Appendage     Tmut           16%        N/A       9%          1

Your spell library contained the following spells:

 Spells                   Type           Power      Damage    Failure   Level
 Wereblood                Tmut           8%         N/A       13%         2
 Freeze                   Ice            4%         1d3       22%         1
 Spider Form              Tmut/Pois      5%         N/A       38%         3
 Frozen Ramparts          Ice            2%         1d1       54%         3
 Ice Form                 Ice/Tmut       5%         N/A       80%         4
 Hailstorm                Conj/Ice       1%         3d3       91%         4


Dungeon Overview and Level Annotations

Branches:
Dungeon (2/15)


Innate Abilities, Weirdness & Mutations

You have temporarily grown beastly horns and talons.
You have an increased reservoir of magic. (+10% MP)
You shall have no god before yourself.
Your divine heritage dramatically boosts your attributes as you level up.


Message History

An adder comes into view.
Found 2 scrolls labelled JOYPRA DIMUC.
The adder hisses angrily.
A worm comes into view.
You grow a pair of large bovine horns.
Your feet morph into talons.
Your +0 pair of boots melds into your body.
The adder bites you.
You are poisoned.
The adder poisons you! The adder bites you.
You are more poisoned.
The adder poisons you!
You hit the adder. You claw the adder.
You kill the adder!
You feel very sick.
You have reached level 3!
Your experience leads to a dramatic increase in your attributes!
Increase (S)trength, (I)ntelligence, or (D)exterity?
You feel agile. x4
It was a potion of haste.
You feel yourself speed up.
You feel very sick.
Unknown command.
You are too injured to fight recklessly!
You are too injured to fight recklessly!
You are too injured to fight recklessly!
You feel sick.
Your transformation is almost over.
You feel sick.
You hit the worm but do no damage.
You feel sick. The worm bites you.
* * * LOW HITPOINT WARNING * * *
You hit the worm but do no damage. You headbutt the worm.
The worm is moderately wounded.
You hit the worm. You claw the worm, but do no damage.
The worm is heavily wounded.
* * * LOW HITPOINT WARNING * * *
You feel sick.
You hit the worm but do no damage. You headbutt the worm.
The worm is severely wounded.
* * * LOW HITPOINT WARNING * * *
You feel sick. The worm bites you!
You die...

..............#
#.#
......#####..##
.#
|.....#.....>#
###.#.#...####
### #.#.#...#.#
..# #.#.#.....#
#.# #.#...#.#.#
#?# #.#####.#.#
#w#
#.......#.####@#
#########......#
########


You could see a worm.

Vanquished Creatures
  An adder (D:2)
  A dart slug (D:1)
  7 ball pythons
  An endoplasm (D:1)
  3 hobgoblins
  A kobold (D:1)
  2 quokkas (D:1)
  3 bats
  3 frilled lizards (D:1)
  2 goblins (D:1)
  A rat (D:1)
25 creatures vanquished.

Vanquished Creatures (others)
  4 plants (D:2)
4 creatures vanquished.

Grand Total: 29 creatures vanquished

Notes
Turn   | Place    | Note
-------+----------+-------------------------------------------
     0 | D:1      | Icepheonix32 the Demigod Transmuter began the quest for the
                  | Orb.
     0 | D:1      | Reached XP level 1. HP: 15/15 MP: 5/5
   458 | D:1      | Reached XP level 2. HP: 22/22 MP: 5/7
   619 | D:1      | Reached skill level 1 in Fighting
   622 | D:1      | Reached skill level 3 in Unarmed Combat
  1260 | D:2      | Reached XP level 3. HP: 17/28 MP: 7/9
  1266 | D:2      | Slain by a worm

Illustrated notes

Levels and vault maps discovered:
D:1:      minmay_arrival_solitary_statue, layout_basic,
          hellmonk_ecumenical_altar_heavens_door, minmay_tromino_v4_b
D:2:      layout_basic, serial_bayou_ford_a, item_on_display_a

Skill      XL: |  1  2 |
---------------+-------+-----
Spellcasting   | 2 |  2.2
Transmutations | 2 |  2.2
Dodging        | 2 |  2.0
Fighting       | 1 |  1.0
Unarmed Combat | 3 |  3.1
Stealth        | |  0.3

Action                   || total
-------------------------++-------
Melee: Unarmed           ||    54
       Kick              ||    18
       Headbutt          ||     4
       Punch             ||     1
 Cast: Beastly Appendage ||    22
  Use: Potion            ||     1
 Stab: Distracted        ||     1
       Sleeping          ||     1
Armor: Robe              ||     7
Dodge: Dodged            ||    28
